 Dungeon Crawl Stone Soup version 0.30.0 (webtiles) character file.

Game seed: 8775989648187921895

7 mikunn the Grasshopper (level 2, 20/22 HPs)
             Began as a Human Warper on Nov 27, 2023.
             Quit the game on level 1 of the Dungeon.
             The game lasted 00:05:52 (165 turns).

mikunn the Grasshopper (Human Warper)                Turns: 165, Time: 00:05:53

Health: 20/22      AC:  3    Str: 11    XL:     2   Next: 10%
Magic:  5/5        EV: 11    Int: 13    God:
Gold:   0          SH:  0    Dex: 12    Spells: 5/5 levels left

rFire   . . .        a - +0 spear
rCold   . . .        (no shield)
rNeg    . . .        b - +0 leather armour
rPois   .            (no helmet)
rElec   .            (no cloak)
rCorr   .            (no gloves)
SInv    .            (no boots)
Will    .....        (no amulet)
Stlth   +            (no ring)
HPRegen 0.23/turn    (no ring)
MPRegen 0.09/turn

%: no passive effects
@: no status effects
A: no striking features
a: no special abilities


You were on level 1 of the Dungeon.
You visited 1 branch of the dungeon, and saw 1 of its levels.

Inventory:

Hand Weapons
 a - a +0 spear (weapon)
Missiles
 d - 5 boomerangs of dispersal
 h - a stone (quivered)
Armour
 b - a +0 leather armour (worn)
 e - a scarf of harm
 i - a +0 buckler
Scrolls
 c - a scroll of blinking
 f - 2 scrolls of identify {unknown}
 g - a scroll of poison {unknown}
Potions
 j - a potion of berserk rage {unknown}
 k - a potion of heal wounds {unknown}
 l - a potion of ambrosia {unknown}


   Skills:
 - Level 2.0 Fighting
 * Level 2.0 Polearms
 - Level 1.3 Throwing
 - Level 1.0 Armour
 + Level 2.0 Dodging
 + Level 2.1 Spellcasting
 * Level 3.2 Translocations


You had 5 spell levels left.
You didn't know any spells.
Your spell library contained the following spells:

 Spells                   Type           Power      Damage    Failure   Level
 Blink                    Tloc           18%        N/A       13%         2
 Lesser Beckoning         Tloc           18%        N/A       13%         2
 Teleport Other           Tloc           9%         N/A       26%         3
 Vhi's Electric Charge    Tloc/Air       10%        N/A       45%         3
 Manifold Assault         Tloc           9%         N/A       65%         4


Dungeon Overview and Level Annotations

Branches:
Dungeon (1/15)

Altars:


Message History

Reach: a) +0 spear
Press: ? - help, Dir - move target, f - ball python
Aim: a ball python (about 42% to evade your +0 spear)
You reach to attack!
You hit the ball python.
You kill the ball python!
You see here a stone.
h - a stone
Found a stone staircase leading down.
You see here a +0 buckler.
i - a +0 buckler
j - a fizzy white potion
Found a scroll labelled NUXATS RUIN.
k - a lumpy sapphire potion
f - 2 scrolls labelled NUXATS RUIN (gained 1)
Found a stone staircase leading down.
l - an emerald potion A quokka comes into view.
You hit the quokka.
The quokka is heavily wounded.
The quokka closely misses you.
You closely miss the quokka.
The quokka is moderately wounded.
The quokka bites you.
You hit the quokka but do no damage.
The quokka is moderately wounded.
The quokka bites you.
You hit the quokka.
You kill the quokka!
You have reached level 2!
Memorise Blink, consuming 2 spell levels and leaving 3?
Okay, then.
Okay, then.
A quokka comes into view.
Reach: a) +0 spear
Press: ? - help, Dir - move target, f - quokka
Aim: a quokka (about 49% to evade your +0 spear)
You reach to attack!
You hit the quokka.
You kill the quokka!
Unknown command.
Are you sure you want to abandon this character and quit the game? (Confirm with "yes".)

......... .... ...
.#.#.##.. ... ...
............ #..
#.###........... . #..
#.. ............ ... #..
#.# #.##........
#...#..##.# #.##.##.##.#
..........###.##.##.##.#
#..@................
#..##.#......#####.# #..
#.#####...####.# #..
########........ ...
.......†...... ##..
........####.. ...
.....##+# ##. .#. .#...
. #... .


There were no monsters in sight!

Vanquished Creatures
  2 ball pythons (D:1)
  3 quokkas (D:1)
  A rat (D:1)
6 creatures vanquished.

Notes
Turn   | Place    | Note
-------+----------+-------------------------------------------
     0 | D:1      | mikunn the Human Warper began the quest for the Orb.
     0 | D:1      | Reached XP level 1. HP: 16/16 MP: 3/3
   153 | D:1      | Reached XP level 2. HP: 17/22 MP: 5/5
   165 | D:1      | Quit the game

Illustrated notes

Levels and vault maps discovered:
D:1:      minmay_arrival_three_doors, layout_basic, minmay_misc_feat_ornament

Action                     || total
---------------------------++-------
  Melee: Spear             ||    14
  Throw: Boomerang         ||     2
 Armour: Leather armour    ||     2
  Dodge: Dodged            ||     2
